 Dungeon Crawl Stone Soup version 0.22-a0-525-gf69a080 (webtiles) character file.

6034 Amnesiac the Slinger (level 10, -13/51 HPs)
             Began as a Spriggan Fighter on June 20, 2018.
             Was an Initiate of Gozag.
             Killed from afar by Erica (21 damage)
             ... with a bolt of poison
             ... on level 9 of the Dungeon.
             The game lasted 00:16:56 (9040 turns).

Amnesiac the Slinger (Spriggan Fighter)             Turns: 9040, Time: 00:16:57

Health: -13/51     AC:  7    Str: 15    XL:     10   Next: 56%
Magic:  16/16      EV: 23    Int:  8    God:    Gozag
Gold:   759        SH:  7    Dex: 17    Spells: 9/9 levels left

rFire    . . .     SeeInvis +   a - +3 dagger (elec)
rCold    . . .     Gourm    .   c - +0 buckler
rNeg     . . .     Faith    .   y - +2 robe {MR+}
rPois    .         Spirit   .   (helmet restricted)
rElec    .         Reflect  .   h - +2 cloak {MR+}
rCorr    .         Harm     .   (gloves unavailable)
MR       +++..                  (boots unavailable)
Stlth    ++........             (no amulet)
HPRegen  0.17/turn              J - -3 ring of intelligence
MPRegen  0.15/turn              o - +2 ring of dexterity

@: lethally poisoned (-13 -> -24), very quick
A: very small, unfitting armour, see invisible, herbivore, speed 3, slow
metabolism 2
a: Potion Petition, Call Merchant, Bribe Branch, Renounce Religion


You were on level 9 of the Dungeon.
You worshipped Gozag.
Gozag was pleased with you.
You were not hungry.

You visited 2 branches of the dungeon, and saw 10 of its levels.

You collected 1236 gold pieces.
You spent 437 gold pieces at shops.
You paid 40 gold pieces to Gozag.

Inventory:

Hand Weapons
 a - a +3 dagger of electrocution (weapon)
 b - a +0 hunting sling
 s - the cursed +2 spear "Vuinu" {flame, Dex+7, unknown}
   (You took it off a spriggan on level 8 of the Dungeon)

   It has been specially enchanted to burn those struck by it, causing extra
   injury to most foes and up to half again as much damage against particularly
   susceptible opponents.
   It affects your dexterity (+7).
   It has a curse placed upon it.
 v - a +1 dagger of venom
Missiles
 e - 235 stones (quivered)
 B - 2 curare-tipped needles
 E - 23 poisoned needles
Armour
 c - a +0 buckler (worn)
 h - a +2 cloak of magic resistance (worn)
 y - a +2 robe of magic resistance (worn)
Jewellery
 o - a +2 ring of dexterity (right hand)
 J - a -3 ring of intelligence (left hand)
Wands
 p - a wand of enslavement (9)
 x - a wand of random effects (26)
 F - a wand of paralysis (2)
Scrolls
 i - 3 scrolls of remove curse {!r}
 j - 4 scrolls of teleportation {!r}
 l - 2 scrolls of enchant weapon {!r}
 m - 2 scrolls of amnesia {!r}
 r - 2 scrolls of enchant armour {!r}
 t - a scroll of random uselessness {!r, unknown}
 w - a scroll of fear {!r}
Potions
 d - 4 potions of might {!q}
 g - 2 potions of curing {!q}
 k - a potion of heal wounds {!q}
 n - 3 potions of lignification {!q}
 q - 2 potions of mutation {!q}
 u - a potion of brilliance {!q}
 G - a potion of invisibility {!q}
 H - a potion of haste {!q}
Comestibles
 f - 9 rations


   Skills:
 + Level 5.0 Fighting
   Level 1.5 Long Blades
 + Level 12.9 Slings
 + Level 7.7 Dodging
 * Level 5.7 Shields
 + Level 7.7 Evocations


You had 9 spell levels left.
You didn't know any spells.
Your spell library was empty.

Dungeon Overview and Level Annotations

Branches:
Dungeon (9/15)             Temple (1/1) D:6
   Lair: D:8-11         Orc: D:9-12

Altars:
Ashenzari
Elyvilon
Gozag
Ru
Trog
Uskayaw
Yredelemnul

Shops:
D:6 [}*:*

Annotations:
D:9 Erica


Innate Abilities, Weirdness & Mutations

You are very small and have problems with some larger weapons.
You are too small for most types of armour.
You have supernaturally acute eyesight. (SInv)
You are a herbivore.
You cover ground extremely quickly.
You need to consume almost no food.


Message History

Erica hits your two-headed ogre with a scimitar of flaming!
Erica burns your two-headed ogre.
Your two-headed ogre dies!
Erica looks more experienced.
Evoke which item? (* to show all) (? for menu, Esc to quit)
Aiming: Paralyse
Press: ? - help, Shift-Dir - straight line Erica easily resists.
Evoke which item? (* to show all) (? for menu, Esc to quit)
Aiming: Paralyse
Press: ? - help, Shift-Dir - straight line Erica easily resists.
A necrophage comes into view.
Evoke which item? (* to show all) (? for menu, Esc to quit)
Aiming: Paralyse
Press: ? - help, Shift-Dir - straight line Erica easily resists.
Evoke which item? (* to show all) (? for menu, Esc to quit)
Aiming: Paralyse
Press: ? - help, Shift-Dir - straight line, f - necrophage
Aim: a necrophage (chance to defeat MR: 50%) Erica easily resists.
Erica gestures at you while chanting. The bolt of poison misses you.
Evoke which item? (* to show all) (? for menu, Esc to quit)
Aiming: Paralyse
Press: ? - help, Shift-Dir - straight line, f/p - necrophage
Aim: a necrophage (chance to defeat MR: 50%) Erica easily resists.
You hit Erica.
Erica is moderately wounded.
Erica closely misses you.
Evoke which item? (* to show all) (? for menu, Esc to quit)
Aiming: Random Effects
Press: ? - help, Shift-Dir - straight line, f/p - necrophage
Aim: a necrophage Erica resists with some effort.
Erica screams, "Coming here was suicide!
For you!" Erica completely misses you.
Evoke which item? (* to show all) (? for menu, Esc to quit)
Aiming: Random Effects
Press: ? - help, Shift-Dir - straight line, f/p - necrophage
Aim: a necrophage Erica easily resists.
You block Erica's attack.
You hit Erica. Lightning courses through Erica!
Erica is heavily wounded.
You hit Erica.
Erica is severely wounded.
Erica misses you.
You hit Erica.
Erica is severely wounded.
Erica points at you and mumbles some strange words.
The orb of energy hits you!
* * * LOW HITPOINT WARNING * * *
The orb of energy explodes!
You hear a shout! x2; You hear a bark!
You hit Erica but do no damage. Lightning courses through Erica!
Erica is almost dead.
A hound comes into view.
An orc comes into view.
Erica points at you and mumbles some strange words.
The bolt of poison hits you!
You are lethally poisoned!
You die...
Your body crumbles into a pile of gold.

... #.#........# .#
. ###'#
#..........# ..
...# ##..########
.o. #..# ####..##
.os.#..# #......#
@.O....# #.#.#..###
#.# #.#.#...<#
#.#######.#.#....#
#.....$..n@@.....#
####$########.....h
#.# ...### #.# ..o
### $.## #


You could see Erica (invisible), a necrophage, a hound and an orc.

Vanquished Creatures
  A two-headed ogre (D:8)
  The ghost of Eptagon the Fighter, a novice OgBe of Trog (D:8)
  A gargoyle (D:6)
  A troll (D:8)
  A hornet (D:8)
  A human (D:8)
  2 spriggans (D:8)
  2 wyverns
  3 fire bats (D:7)
  Edmund (D:4)
  A hell hound (D:7)
  An orc warrior (D:6)
  2 black bears
  2 sky beasts
  An ice beast (D:8)
  A phantom (D:9)
  A wolf (D:8)
  A necrophage (D:7)
  An ogre (D:6)
  2 centaurs
  Blork the orc (D:4)
  5 bullfrogs
  5 scorpions
  3 wights (D:8)
  A centaur zombie (D:7)
  2 crimson imps (D:6)
  5 hounds
  An orc priest (D:6)
  2 centaur skeletons
  Natasha (thrice) (D:3)
  6 worker ants
  2 hound zombies
  2 hound skeletons
  A worker ant zombie (D:7)
  8 adders
  8 gnolls
  A shadow imp (D:5)
  4 oozes
  An adder zombie (D:5)
  A worm (D:2)
  A dart slug (D:2)
  6 leopard geckos
  9 orcs
  13 giant cockroaches
  8 goblins
  8 hobgoblins
  4 jackals (D:1)
  7 kobolds
  3 quokkas
  3 ball pythons
  7 bats
  9 frilled lizards
  A giant cockroach zombie (D:5)
  3 leopard gecko skeletons
  A leopard gecko zombie (D:7)
  A quokka skeleton (D:4)
  2 quokka zombies
  6 rats
181 creatures vanquished.

Vanquished Creatures (collateral kills)
  An orc wizard (D:9)
1 creature vanquished.

Vanquished Creatures (others)
  A two-headed ogre (D:9)
  4 plants (D:8)
5 creatures vanquished.

Grand Total: 187 creatures vanquished

Notes
Turn   | Place    | Note
-------+----------+-------------------------------------------
     0 | D:1      | Amnesiac the Spriggan Fighter began the quest for the Orb.
     0 | D:1      | Reached XP level 1. HP: 11/11 MP: 2/2
   169 | D:1      | Reached XP level 2. HP: 8/16 MP: 3/3
   790 | D:1      | Reached skill level 5 in Dodging
   863 | D:1      | Reached XP level 3. HP: 18/19 MP: 4/4
  1073 | D:3      | Reached skill level 1 in Slings
  1270 | D:4      | Noticed Natasha
  1277 | D:3      | Reached skill level 2 in Slings
  1286 | D:3      | Found a shattered altar of Ashenzari.
  1417 | D:3      | Reached XP level 4. HP: 23/23 MP: 5/5
  1438 | D:4      | Reached skill level 3 in Slings
  1493 | D:4      | Noticed Edmund
  1803 | D:3      | Killed Natasha
  1803 | D:3      | Reached skill level 4 in Slings
  1803 | D:3      | Reached XP level 5. HP: 15/27 MP: 6/6
  1909 | D:4      | Found an opulent altar of Gozag.
  1910 | D:4      | Found a sacrificial altar of Ru.
  1910 | D:4      | Found a hide-covered altar of Uskayaw.
  1916 | D:4      | Became a worshipper of Gozag Ym Sagoz the Greedy
  1961 | D:4      | Killed Edmund
  1961 | D:4      | Reached skill level 5 in Slings
  2013 | D:3      | Noticed Natasha
  2028 | D:3      | Killed Natasha
  2028 | D:3      | Reached XP level 6. HP: 18/32 MP: 7/7
  2238 | D:2      | Reached skill level 6 in Slings
  2240 | D:2      | Found a basalt altar of Yredelemnul.
  2739 | D:3      | Noticed Natasha
  2752 | D:3      | Killed Natasha
  2926 | D:4      | Noticed Blork the orc
  2958 | D:5      | Entered Level 5 of the Dungeon
  3309 | D:4      | Killed Blork the orc
  3309 | D:4      | Reached skill level 7 in Slings
  3788 | D:4      | Reached skill level 8 in Slings
  3788 | D:4      | Reached XP level 7. HP: 35/35 MP: 8/8
  3851 | D:4      | Found a white marble altar of Elyvilon.
  4497 | D:5      | Reached skill level 9 in Slings
  4887 | D:6      | Found Elaraewn's Book Boutique.
  4922 | D:6      | Found Qeujicu's General Store.
  4995 | D:6      | Reached XP level 8. HP: 39/39 MP: 9/9
  5008 | D:6      | Found a staircase to the Ecumenical Temple.
  5018 | D:6      | Noticed a gargoyle
  5084 | D:6      | Killed a gargoyle
  5084 | D:6      | Reached skill level 10 in Slings
  5124 | D:6      | Found Kamiack's Assorted Antiques.
  5129 | D:6      | Bought a scroll labeled IFFODAT GIVU for 32 gold pieces
  5129 | D:6      | Bought a fuming black potion for 28 gold pieces
  5129 | D:6      | Bought 2 viscous inky potions for 57 gold pieces
  5129 | D:6      | Bought a scroll labeled IBLOIMOMIFF for 32 gold pieces
  5129 | D:6      | Bought an encrusted brass ring for 160 gold pieces
  5129 | D:6      | Bought a runed brass wand for 128 gold pieces
  5226 | D:6      | Reached skill level 11 in Slings
  5609 | D:6      | Reached skill level 12 in Slings
  5877 | D:6      | Found Heh Weurio's Armour Shop.
  5905 | D:6      | Found Biuteamp's Gadget Shop.
  6349 | Temple   | Entered the Ecumenical Temple
  6395 | D:7      | Reached skill level 1 in Evocations
  6395 | D:7      | Reached XP level 9. HP: 41/43 MP: 10/10
  6434 | D:7      | Found a transporter.
  7212 | D:7      | Found a transporter.
  7594 | D:8      | Found an opulent altar of Gozag.
  7688 | D:8      | Noticed a troll
  7731 | D:8      | Killed a troll
  8159 | D:7      | Reached skill level 5 in Shields
  8162 | D:7      | Reached XP level 10. HP: 14/51 MP: 12/14
  8259 | D:8      | Found a runed door.
  8270 | D:8      | Noticed Eptagon's ghost (novice OgBe)
  8482 | D:8      | Noticed a two-headed ogre
  8513 | D:8      | Killed a two-headed ogre
  8805 | D:8      | Killed Eptagon's ghost
  8809 | D:8      | Got a crude spear {flame}
  8938 | D:9      | Reached skill level 5 in Fighting
  8999 | D:9      | Noticed Erica
  8999 | D:9      | Noticed a two-headed ogre
  9040 | D:9      | Killed from afar by Erica

Vault maps used:
D:1:      lightli_arrival_flooded_house
D:2:      yredelemnul_altar_generic
D:3:      ashenzari_altar_1
D:4:      lemuel_round_altar, gammafunk_temple_overflow_claw, first_ration,
          minmay_box_of_dots, uniq_edmund, uniq_blork_the_orc, uniq_natasha
D:6:      temple_doors_ab, serial_shops, shop, nicolae_shop_crystal,
          nicolae_shop_stone, nicolae_shop_behind_doors, shop
D:7:      gammafunk_cloud_chamber
D:8:      ebering_ghost_funeral_grove, grunt_pizzeria, grunt_gozag_statues
D:9:      uniq_erica
Temple:   minmay_crystal_spiral_temple

Skill      XL: |  1  2  3  4  5  6  7  8  9 10 |
---------------+-------------------------------+-----
Dodging        | 5 7 |  7.7
Shields        | 3 5 |  5.7
Slings         | 2 4 5 8 9 12 | 12.9
Evocations     | 1 4 7 |  7.7
Fighting       | 4 5 |  5.0
Long Blades    | |  1.5

Action                   |  1- 3 |  4- 6 |  7- 9 | 10-12 || total
-------------------------+-------+-------+-------+-------++-------
Melee: Long sword        |   121 |       |       |       ||   121
       Dagger            |    32 |   153 |   427 |   101 ||   713
Evoke: Wand              |       |       |    20 |    14 ||    34
  Use: Scroll            |       |       |    14 |     1 ||    15
       Potion            |       |       |     4 |     1 ||     5
 Stab: Sleeping          |     1 |     2 |     2 |       ||     5
       Paralysed         |       |       |    34 |    13 ||    47
       Distracted        |       |       |     1 |       ||     1
  Eat: Ration            |       |     2 |     2 |       ||     4
Armor: Robe              |    14 |     6 |    44 |     2 ||    66
Dodge: Dodged            |   115 |    88 |   300 |    57 ||   560
Block: Buckler           |    46 |    33 |   143 |    31 ||   253
       Rpst.: Long sword |    30 |       |       |       ||    30

Table legend:
 A = Spawn XP
 B = Non-spawn XP
 C = Spawn XP percentage of total XP
 D = Spawn monster count
 E = Non-spawn monster count
 F = Spawn count percentage of total count
 G = Total turns spent on level
                    A         B        C        D         E        F      G
               +---------+---------+-------+---------+---------+-------+---------
         Total |       0 |    8620 |   0.0 |       0 |     182 |   0.0 |  9040
               +---------+---------+-------+---------+---------+-------+---------
           D:1 |       0 |      46 |   0.0 |       0 |      27 |   0.0 |  1009
           D:2 |       0 |      43 |   0.0 |       0 |      22 |   0.0 |   396
           D:3 |       0 |     167 |   0.0 |       0 |      21 |   0.0 |  1252
           D:4 |       0 |     515 |   0.0 |       0 |      19 |   0.0 |  1156
           D:5 |       0 |     537 |   0.0 |       0 |      17 |   0.0 |  1020
           D:6 |       0 |    1378 |   0.0 |       0 |      23 |   0.0 |  1756
           D:7 |       0 |    1754 |   0.0 |       0 |      26 |   0.0 |  1059
           D:8 |       0 |    3926 |   0.0 |       0 |      22 |   0.0 |  1273
           D:9 |       0 |     254 |   0.0 |       0 |       5 |   0.0 |   117
               +---------+---------+-------+---------+---------+-------+---------
